 Dungeon Crawl Stone Soup version 0.16.2-12-gd0ad4c3 (webtiles) character file.

54001 dvd the Nimble (level 14, -1/90 HPs)
             Began as a High Elf Air Elementalist on Oct 19, 2015.
             Was a High Priest of Vehumet.
             Splashed by a brown ugly thing's acid (4 damage)
             ... on level 14 of the Dungeon on Oct 21, 2015.
             The game lasted 03:03:23 (23983 turns).

dvd the Nimble (High Elf Air Elementalist)         Turns: 23983, Time: 03:03:24

Health: -1/90      AC: -5    Str:  7    XL:     14   Next: 33%
Magic:  12/45      EV: 23    Int: 25    God:    Vehumet [*****.]
Gold:   1281       SH:  0    Dex: 19    Spells: 11 memorised, 1 level left

rFire  . . .     SeeInvis .     a - +7 long sword (freeze)
rCold  + + .     Clarity  .     N - +2 robe {rC+}
rNeg   . . .     SustAb   .     (no shield)
rPois  .         Gourm    .     U - +1 helmet
rElec  .         Spirit   .     j - +2 cloak
rCorr  .         Warding  .     x - +2 pair of gloves {Dex+3}
rMut   .         Stasis   .     D - +2 pair of boots {run}
MR     +....                    u - amulet of regeneration
Stlth  ++++......               E - ring of magical power
                                B - ring of protection from cold

@: corroded equipment, slowed, very slow, somewhat resistant to hostile
enchantments, stealthy
A: deterioration 1, mutation resistance 1
a: Renounce Religion


You were on level 14 of the Dungeon.
You worshipped Vehumet.
Vehumet was extremely pleased with you.
You were very hungry.

You visited 3 branches of the dungeon, and saw 19 of its levels.
You also visited: Ice Cave.

You collected 1398 gold pieces.
You spent 117 gold pieces at shops.

Inventory:

Hand weapons
 a - a +7 long sword of freezing (weapon)
 b - the +7 long sword "Grim" {pain, rC+ MR- Int+2 SInv}
   (You found it on level 2 of the Lair of Beasts)

   In the hands of one skilled in necromantic magic, it inflicts extra damage on
   living creatures.
   It affects your intelligence (+2).
   It protects you from cold.
   It affects your resistance to hostile enchantments.
   It enhances your eyesight.
 m - a +2 scimitar of flaming
 T - a +3 great sword of freezing
Armour
 j - a +2 cloak (worn)
 x - a +2 pair of gloves of dexterity (worn)
 D - a +2 pair of boots of running (worn)
 N - a +2 robe of cold resistance (worn)
 Q - the +0 fire dragon armour of Fucagibo {rPois rF++ rC- MP+9 Dex-5}
   (You found it on level 9 of the Dungeon)

   It affects your dexterity (-5).
   It greatly protects you from fire.
   It makes you vulnerable to cold.
   It protects you from poison.
   It affects your magic capacity (+9).
 U - a +1 helmet (worn)
Magical staves
 M - an uncursed staff of wizardry
Jewellery
 g - a +5 ring of strength
 t - an uncursed amulet of resist corrosion
 u - an amulet of regeneration (around neck)
 y - an uncursed amulet of warding
 B - a ring of protection from cold (left hand)
 E - a ring of magical power (right hand)
Magical devices
 s - a wand of fireball (2)
 z - a wand of heal wounds (3)
 A - a wand of teleportation (5)
 F - a wand of fireball (3)
 G - a wand of paralysis (6)
 H - a wand of confusion (13)
 I - a wand of frost (24)
 S - a wand of disintegration (4)
 V - a wand of paralysis (6)
 Y - a wand of cold (7)
 Z - a wand of lightning (8)
Scrolls
 h - 6 scrolls of identify
 q - 3 scrolls of magic mapping
 r - a scroll of teleportation
 v - a scroll of amnesia
 C - 7 scrolls of remove curse
 O - 2 scrolls of recharging
 W - a scroll of holy word
Potions
 d - 7 potions of curing
 e - 4 potions of haste
 f - a potion of restore abilities
 k - 2 potions of ambrosia
 n - 2 potions of agility
 K - a potion of invisibility
 L - 6 potions of cancellation
 P - a potion of brilliance
Books
 l - a book of Debilitation

   Spells                             Type                      Level
   a - Corona                         Hexes                        1
   b - Slow                           Hexes                        2
   c - Inner Flame                    Hexes/Fire                   3
   d - Enslavement                    Hexes                        4
   e - Cause Fear                     Hexes                        4
   f - Leda's Liquefaction            Hexes/Earth                  4
 J - a book of Geomancy

   Spells                             Type                      Level
   a - Sandblast                      Earth                        1
   b - Stoneskin                      Transmutation/Earth          2
   c - Passwall                       Transmutation/Earth          3
   d - Stone Arrow                    Conjuration/Earth            3
   e - Petrify                        Transmutation/Earth          4
   f - Lee's Rapid Deconstruction     Earth                        5
 X - a book of Maledictions

   Spells                             Type                      Level
   a - Corona                         Hexes                        1
   b - Sure Blade                     Hexes/Charms                 2
   c - Ensorcelled Hibernation        Hexes/Ice                    2
   d - Confuse                        Hexes                        3
   e - Dazzling Spray                 Conjuration/Hexes            3
   f - Enslavement                    Hexes                        4
Miscellaneous
 o - a plain deck of summoning {drawn: 1}
Comestibles
 c - 9 bread rations
 i - 9 royal jellies
 p - 3 beef jerkies
 R - 5 meat rations


   Skills:
 + Level 6.6 Fighting
   Level 1.2(5.6) Short Blades
 + Level 8.9 Long Blades
 + Level 12.9 Dodging
 + Level 7.9 Stealth
 + Level 12.6 Spellcasting
 + Level 10.9 Conjurations
 + Level 2.4 Hexes
 + Level 2.3 Charms
 + Level 0.8 Ice Magic
 + Level 12.9 Air Magic
 + Level 1.3 Poison Magic
 + Level 3.8 Evocations


You had one spell level left.
You knew the following spells:

 Your Spells              Type           Power        Failure   Level  Hunger
a - Shock                 Conj/Air       ####         1%          1    None
b - Repel Missiles        Chrm/Air       ######       1%          2    None
c - Flight                Chrm/Air       ######....   1%          3    None
d - Poisonous Cloud       Conj/Pois/Air  ######....   5%          6    #####..
e - Static Discharge      Conj/Air       ######..     1%          3    None
f - Lightning Bolt        Conj/Air       ######....   1%          5    ###....
g - Mephitic Cloud        Conj/Pois/Air  ######..     1%          3    None
h - Confuse               Hex            ####....     4%          3    None
i - Iskenderun's Mystic   Conj           ######..     1%          4    None
j - Bolt of Draining      Conj/Necr      #####.....   3%          5    ###....
l - Ensorcelled Hibernat  Hex/Ice        ###...       3%          2    None


Dungeon Overview and Level Annotations

Branches:
Dungeon (14/15)            Temple (1/1) D:7            Lair (4/8) D:8
 Shoals (0/5) Lair:4          Orc (0/4) D:11         Vaults (0/5) D:13
  Snake: Lair:3-6    Spider: Lair:3-6

Altars:
Ashenzari
Cheibriados
Dithmenos
Elyvilon
Fedhas
Gozag
Kikubaaqudgha
Makhleb
Nemelex Xobeh
Okawaru
Qazlal
Ru
Sif Muna
Trog
Vehumet
Xom
Yredelemnul
Zin
The Shining One

Shops:
D:5 [   D:6 }   D:9 ?   D:12 *

Annotations:
D:14 Kirke


Innate Abilities, Weirdness & Mutations

Your body is slowly deteriorating.
You are somewhat resistant to further mutation.


Message History

Casting: Static Discharge
Confirm with . or Enter, or press ? or * to list all spells.
Aiming: Lightning Bolt
Press: ? - help, Shift-Dir - straight line, f - brown ugly thing
Aim: a brown ugly thing You hear a mighty clap of thunder!
The bolt of lightning hits the brown ugly thing.
The brown ugly thing is heavily wounded.
The hill giant shouts!
You hear a shout!
You hear a shout!
You hear a shout!
You hear a shout!
The brown ugly thing punches you!
* * * LOW HITPOINT WARNING * * *
You are splashed with acid!
The acid corrodes your equipment!
The acid burns!
* * * LOW HITPOINT WARNING * * *
You hit the brown ugly thing but do no damage.
The brown ugly thing is heavily wounded.
The brown ugly thing punches you!
* * * LOW HITPOINT WARNING * * *
You are splashed with acid!
The acid corrodes your equipment!
The acid burns!
You die...

### ...# #####.###### ##
###..........#
.####............#
.##...#..........#####...
.#..###..>.....u@.C..'..Z
.#.## #..........#####...
...# #..........# .###
#..........# .#
#..........# ##
##.######### # #.# # .. #


You could see a brown ugly thing, a hill giant and a centaur zombie.

Vanquished Creatures
  A sphinx (D:14)
  Rupert (Lair:4)
  8 vault guards (D:13)
  Josephine (D:12)
  3 hydras
  Erica (Lair:3)
  3 death yaks (Lair:4)
  Erolcha (D:9)
  The ghost of Kharon the Destroyer, an experienced DEWz of Sif Muna (D:9)
  2 ice statues (IceCv)
  6 hill giants
  A harpy (D:14)
  6 ugly things
  2 griffons
  2 cyclopes
  9 elephants
  A black mamba (Lair:2)
  A siren (Lair:4)
  2 spiny frogs
  A gargoyle (D:12)
  4 komodo dragons (Lair:4)
  A queen bee (D:8)
  6 two-headed ogres (D:9)
  5 trolls
  4 slime creatures (D:13)
  16 blink frogs
  A basilisk (Lair:4)
  A shadow (D:9)
  3 wraiths (D:12)
  Eustachio (D:9)
  4 hippogriffs
  4 vampire mosquitoes (D:12)
  10 yaks
  5 hogs (D:14)
  3 wyverns
  4 hungry ghosts
  A steam dragon (D:14)
  8 wolves
  A mottled dragon (D:13)
  4 orc warriors
  2 porcupines
  2 phantoms
  2 black bears
  5 water moccasins
  27 ice beasts
  4 necrophages
  7 centaurs
  3 sky beasts
  23 ogres
  Sigmund (D:6)
  4 big kobolds
  Duvessa (D:9)
  8 crocodiles
  Blork the orc (D:4)
  18 giant frogs
  2 scorpions
  7 jellies
  23 killer bees (D:8)
  16 wights
  2 crimson imps
  3 electric eels
  3 goliath beetles
  Dowan (D:9)
  7 centaur zombies
  7 orc priests
  A quasit (D:12)
  3 centaur skeletons
  11 iguanas
  4 giant frog skeletons
  12 hounds
  3 gnoll shamans (D:3)
  10 worker ants
  A killer bee zombie (D:8)
  12 orc wizards
  24 sheep
  An ogre zombie (D:9)
  A crocodile skeleton (D:12)
  A hound skeleton (D:7)
  A mummy (D:7)
  A worker ant zombie (D:7)
  13 adders
  55 gnolls
  47 river rats
  2 giant mites
  3 shadow imps
  2 worms (D:2)
  An adder zombie (D:7)
  2 adder skeletons
  2 giant geckos
  45 orcs
  21 bats
  3 bat skeletons
  A bat zombie (D:7)
  4 giant cockroaches
  15 goblins
  15 hobgoblins
  36 jackals
  31 kobolds
  10 quokkas
  A ball python (D:1)
  A giant gecko skeleton (D:6)
  5 giant newts
  A giant spore (D:13)
  A goblin skeleton (D:3)
  A kobold zombie (D:3)
  A quokka skeleton (D:4)
  A quokka zombie (D:9)
  12 rats
  7 ballistomycetes
  A plant (Lair:4)
744 creatures vanquished.

Vanquished Creatures (collateral kills)
  4 wights (D:12)
4 creatures vanquished.

Vanquished Creatures (others)
  A deep elf mage (D:9)
  A worker ant zombie (D:11)
  A bat (D:6)
  3 giant spores
  14 fungi
20 creatures vanquished.

Grand Total: 768 creatures vanquished

Notes
Turn   | Place    | Note
--------------------------------------------------------------
     0 | D:1      | dvd, the High Elf Air Elementalist, began the quest for the Orb.
     0 | D:1      | Reached XP level 1. HP: 11/11 MP: 4/4
   126 | D:1      | Reached skill level 4 in Air Magic
   126 | D:1      | Reached XP level 2. HP: 15/17 MP: 0/6
   325 | D:1      | Learned a level 2 spell: Repel Missiles
  1114 | D:2      | Reached XP level 3. HP: 19/21 MP: 0/8
  1788 | D:2      | Reached XP level 4. HP: 16/27 MP: 0/12
  2416 | D:3      | Found a runed door.
  2416 | D:3      | Noticed a human
  2421 | D:3      | Found a basalt altar of Yredelemnul.
  2755 | D:3      | Reached XP level 5. HP: 31/31 MP: 10/15
  2964 | D:3      | Reached skill level 5 in Air Magic
  3245 | D:3      | Reached XP level 6. HP: 36/36 MP: 5/18
  3251 | D:3      | Learned a level 3 spell: Flight
  3449 | D:3      | Noticed an ogre
  3483 | D:3      | Killed an ogre
  3862 | D:3      | Reached XP level 7. HP: 41/41 MP: 11/21
  4125 | D:3      | Reached skill level 6 in Air Magic
  4157 | D:3      | Reached skill level 5 in Spellcasting
  4673 | D:3      | Reached skill level 1 in Fighting
  4766 | D:3      | Learned a level 2 spell: Swiftness
  4770 | D:3      | Learned a level 3 spell: Static Discharge
  4776 | D:3      | Learned a level 5 spell: Lightning Bolt
  5085 | D:4      | Noticed Blork the orc
  5098 | D:4      | Killed Blork the orc
  5098 | D:4      | Reached skill level 1 in Charms
  5320 | D:4      | Found an iron altar of Okawaru.
  5569 | D:4      | Reached XP level 8. HP: 48/48 MP: 20/23
  5964 | D:4      | Reached skill level 5 in Conjurations
  6011 | D:4      | Found a glowing silver altar of Zin.
  6030 | D:4      | Noticed an angel
  6032 | D:4      | Found a shimmering altar of Xom.
  6606 | D:4      | Reached skill level 7 in Air Magic
  7090 | D:5      | Entered Level 5 of the Dungeon
  7381 | D:5      | Found Rats' Antique Armour Shoppe.
  7388 | D:5      | Bought a pair of runed boots for 117 gold pieces
  7403 | D:5      | Identified a +2 pair of boots of running (You bought it in a shop on level 5 of the Dungeon)
  7536 | D:5      | Reached skill level 1 in Long Blades
  7561 | D:5      | Reached skill level 5 in Dodging
  7765 | D:6      | Found Ylium's Quality Used Wands.
  8450 | D:6      | Noticed Sigmund
  8451 | D:6      | Killed Sigmund
  8731 | D:6      | Reached XP level 9. HP: 32/54 MP: 25/26
  8854 | D:6      | Reached skill level 8 in Air Magic
  9525 | D:7      | Found a staircase to the Ecumenical Temple.
  9528 | Temple   | Entered the Ecumenical Temple
  9678 | Temple   | Became a worshipper of Vehumet
 10175 | D:7      | Reached skill level 1 in Short Blades
 10557 | D:8      | Acquired Vehumet's first power
 10557 | D:8      | Offered knowledge of Magic Dart by Vehumet.
 10562 | D:8      | Reached XP level 10. HP: 41/63 MP: 11/29
 10579 | D:8      | HP: 3/63 [killer bee (2)]
 10594 | D:8      | Reached skill level 9 in Air Magic
 10873 | D:7      | Learned a level 1 spell: Magic Dart
 11137 | D:8      | Found a staircase to the Lair.
 11181 | Lair:1   | Entered Level 1 of the Lair of Beasts
 11795 | D:8      | Found a white marble altar of Elyvilon.
 11903 | D:8      | Offered knowledge of Sting by Vehumet.
 12621 | Lair:1   | Found an iron altar of Okawaru.
 12916 | Lair:1   | Offered knowledge of Mephitic Cloud by Vehumet.
 12935 | Lair:1   | Learned a level 3 spell: Mephitic Cloud
 13754 | Lair:2   | Acquired Vehumet's second power
 13758 | Lair:2   | Reached skill level 10 in Air Magic
 13863 | Lair:2   | Got a twisted long sword
 13864 | Lair:2   | Identified the +7 long sword "Grim" {pain, rC+ MR- Int+2 SInv} (You found it on level 2 of the Lair of Beasts)
 13916 | Lair:2   | Reached XP level 11. HP: 61/68 MP: 31/31
 13965 | Lair:2   | Noticed a black mamba
 13975 | Lair:2   | Killed a black mamba
 14017 | Lair:2   | Reached skill level 5 in Stealth
 14022 | Lair:2   | Learned a level 3 spell: Stone Arrow
 14250 | Lair:2   | Offered knowledge of Olgreb's Toxic Radiance by Vehumet.
 14781 | Lair:3   | Acquired Vehumet's third power
 14801 | Lair:3   | Offered knowledge of Iskenderun's Mystic Blast by Vehumet.
 14809 | Lair:3   | Learned a level 4 spell: Iskenderun's Mystic Blast
 14884 | Lair:3   | Noticed Erica
 14890 | Lair:3   | Reached skill level 1 in Evocations
 14903 | Lair:3   | Killed Erica
 15007 | Lair:3   | Reached skill level 10 in Spellcasting
 15008 | Lair:3   | Reached skill level 5 in Long Blades
 15916 | Lair:4   | Offered knowledge of Bolt of Draining by Vehumet.
 15935 | Lair:4   | Reached skill level 10 in Dodging
 15948 | Lair:4   | Learned a level 5 spell: Bolt of Draining
 16142 | Lair:4   | Found a staircase to the Shoals.
 16171 | Lair:4   | Reached XP level 12. HP: 76/76 MP: 32/32
 16179 | Lair:4   | Noticed a seven-headed hydra
 16187 | Lair:4   | Killed a four-headed hydra
 16216 | Lair:4   | Reached skill level 5 in Fighting
 16231 | Lair:4   | Reached skill level 11 in Air Magic
 16475 | Lair:4   | Learned a level 1 spell: Corona
 16488 | Lair:4   | Noticed a death yak
 16488 | Lair:4   | Noticed a death yak
 16491 | Lair:4   | Noticed a death yak
 16492 | Lair:4   | Killed a death yak
 16495 | Lair:4   | Noticed Rupert
 16496 | Lair:4   | Killed a death yak
 16499 | Lair:4   | Killed a death yak
 16812 | Lair:4   | Reached skill level 1 in Hexes
 17005 | Lair:4   | Paralysed by Rupert for 4 turns
 17027 | Lair:4   | Killed Rupert
 17027 | Lair:4   | Reached skill level 1 in Poison Magic
 17565 | D:9      | Noticed Eustachio
 17571 | D:9      | Killed Eustachio
 17692 | D:9      | Noticed Kharon's ghost (experienced DEWz)
 17697 | D:9      | Killed Kharon's ghost
 17771 | D:9      | Reached skill level 10 in Conjurations
 17876 | D:9      | Reached XP level 13. HP: 83/83 MP: 11/34
 17898 | D:9      | Noticed Erolcha
 17898 | D:9      | Killed Erolcha
 17919 | D:9      | Got a faintly humming fire dragon armour
 17986 | D:9      | Identified the +0 fire dragon armour of Fucagibo {rPois rF++ rC- MP+9 Dex-5} (You found it on level 9 of the Dungeon)
 18278 | D:9      | Learned a level 2 spell: Ensorcelled Hibernation
 18500 | D:9      | Found an opulent altar of Gozag.
 18528 | D:9      | Found Struocs' Magic Scroll Boutique.
 18550 | D:9      | Found a bloodstained altar of Trog.
 18989 | D:9      | Noticed Duvessa
 18989 | D:9      | Noticed Dowan
 19002 | D:9      | Killed Dowan
 19004 | D:9      | Killed Duvessa
 19153 | D:9      | Found a stormy altar of Qazlal.
 19444 | D:10     | Entered Level 10 of the Dungeon
 19449 | D:10     | Offered knowledge of Poisonous Cloud by Vehumet.
 19609 | D:10     | Learned a level 6 spell: Poisonous Cloud
 19631 | D:10     | Reached skill level 12 in Air Magic
 20024 | D:10     | Gained mutation: You are somewhat resistant to further mutation. [potion of mutation]
 20024 | D:10     | Gained mutation: Your body is slowly deteriorating. [potion of mutation]
 20802 | D:11     | Found a staircase to the Orcish Mines.
 21532 | D:12     | Got a smoking scale mail
 21743 | D:12     | Noticed Josephine
 21752 | D:12     | Killed Josephine
 21758 | D:12     | Found Edeckoidgh's Assorted Antiques.
 22205 | D:12     | Identified the +8 scale mail "Qagire" {-Cast +Fly rElec Str+4} (You found it on level 12 of the Dungeon)
 22471 | D:13     | Found a frozen archway.
 22483 | D:13     | Offered knowledge of Poison Arrow by Vehumet.
 22532 | D:13     | Reached XP level 14. HP: 50/90 MP: 1/36
 22612 | IceCv    | Entered an ice cave
 23334 | D:13     | Learned a level 3 spell: Confuse
 23372 | D:13     | Found a gate to the Vaults.
 23929 | D:14     | Noticed Kirke
 23932 | D:14     | Noticed a sphinx
 23935 | D:14     | Killed a sphinx
 23983 | D:14     | HP: 3/90 [brown ugly thing (8)]
 23983 | D:14     | Splashed by a brown ugly thing's acid

Action                   |  1- 3 |  4- 6 |  7- 9 | 10-12 | 13-15 || total
-------------------------+-------+-------+-------+-------+-------++-------
Melee: Unarmed           |    10 |       |       |       |     7 ||    17
       Dagger            |    11 |    45 |    21 |       |       ||    77
       Falchion          |       |       |    16 |       |       ||    16
       Long sword        |       |       |   169 |   371 |   345 ||   885
       Scimitar          |       |       |     3 |    19 |   102 ||   124
       Short sword       |       |       |    56 |     1 |       ||    57
 Cast: Shock             |    76 |   146 |   351 |    85 |     9 ||   667
       Repel Missiles    |     1 |       |       |     1 |     2 ||     4
       Flight            |       |     2 |     8 |     4 |     8 ||    22
       Static Discharge  |       |       |     5 |    67 |    46 ||   118
       Lightning Bolt    |       |       |    16 |   112 |   116 ||   244
       Mephitic Cloud    |       |       |       |    17 |     1 ||    18
       Stone Arrow       |       |       |       |     5 |       ||     5
       Corona            |       |       |       |     8 |       ||     8
       Bolt of Draining  |       |       |       |     2 |     1 ||     3
       Ensorcelled Hiber |       |       |       |       |    18 ||    18
       Poisonous Cloud   |       |       |       |       |     1 ||     1
       Iskenderun's Myst |       |       |       |       |     1 ||     1
       Confuse           |       |       |       |       |     2 ||     2
Evoke: Wand              |       |       |       |    17 |    82 ||    99
       Deck              |       |       |       |       |     1 ||     1
  Use: Potion            |       |       |     3 |    11 |     7 ||    21
       Scroll            |       |       |    13 |    15 |    22 ||    50
 Stab: Sleeping          |       |     3 |     5 |    10 |    20 ||    38
       Confused          |       |       |       |     8 |     3 ||    11
       Distracted        |       |       |       |     1 |     1 ||     2
  Eat: Chunk             |     3 |     6 |    18 |    34 |    22 ||    83
       Meat ration       |       |       |     1 |     2 |     2 ||     5
       Royal jelly       |       |       |     1 |       |       ||     1
       Beef jerky        |       |       |     1 |       |       ||     1
       Pizza             |       |       |       |       |     3 ||     3
